 Dungeon Crawl Stone Soup version 0.30.1-11-g7821555f0a (webtiles) character file.

Game seed: 7294777087509441993

42376 H0rd4k the Cruncher (level 14, -16/99 HPs)
             Began as an Octopode Artificer on Nov 8, 2023.
             Was an Initiate of Gozag.
             Demolished by an orc knight
             ... wielding a +0 great sword
              (25 damage)
             ... on level 9 of the Dungeon.
             The game lasted 00:41:08 (19345 turns).

H0rd4k the Cruncher (Octopode Artificer)           Turns: 19345, Time: 00:41:08

Health: -16/99     AC:  1    Str: 12    XL:     14   Next: 19%
Magic:  41/46      EV: 20    Int: 12    God:    Gozag
Gold:   740        SH:  0    Dex: 13    Spells: 25/33 levels left

rFire   + . .        k - +7 staff of the Meek {protect, meekguard}
rCold   . . .        (shield currently unavailable)
rNeg    + + +        (helmet restricted)
rPois   +            e - amulet of regeneration
rElec   .            m - ring of magical power
rCorr   +            t - ring "Qomail" {rF+ rN+}
SInv    +            C - +5 ring of evasion
Will    ++...        K - ring of flight
Stlth   ++++         M - ring of resist corrosion
HPRegen 1.16/turn    c - ring of the Salmon {Will+ MP+9}
MPRegen 0.30/turn    o - ring "Jeta" {rPois rN++ Int-5 Slay+2 SInv}
                     y - ring of see invisible

%: no passive effects
@: flying
A: almost no armour, amphibious, 8 rings, camouflage 1, gelatinous body 1,
(nimble swimmer 1), tentacles
a: Renounce Religion, Potion Petition, Call Merchant, Bribe Branch


You were on level 9 of the Dungeon.
You worshipped Gozag.
Gozag was pleased with you.
You visited 4 branches of the dungeon, and saw 17 of its levels.
You also visited: Sewer.

You collected 3545 gold pieces.
You spent 1150 gold pieces at shops.
You paid 1655 gold pieces to Gozag.

Inventory:

Hand Weapons
 b - a +5 quarterstaff of chaos
 f - a +9 dagger of holy wrath
 k - the +7 staff of the Meek (weapon) {protect, meekguard}
   (You found it on level 2 of the Dungeon)
 r - a +2 short sword of flaming
 I - the +4 hammer "Qioprueh" {speed, rPois SInv}
   (You found it on level 6 of the Dungeon)

   rPois:     It protects you from poison.
   SInv:      It lets you see invisible.
 N - a +4 scimitar of protection
Missiles
 d - 28 poisoned darts (quivered)
 j - 4 datura-tipped darts
 s - 5 curare-tipped darts
 v - 6 throwing nets
Magical Staves
 l - a staff of death
Jewellery
 c - the ring of the Salmon (on tentacle) {Will+ MP+9}
   (You bought it in a shop on level 9 of the Dungeon)

   [ring of magical power]

   MP:        It affects your magic capacity (+9).
   Will:      It increases your willpower.
 e - an amulet of regeneration (around mantle)
 m - a ring of magical power (left tentacle)
 n - an amulet of reflection
 o - the ring "Jeta" (on tentacle) {rPois rN++ Int-5 Slay+2 SInv}
   (You bought it in a shop on level 9 of the Dungeon)

   [ring of see invisible]

   Int:       It affects your intelligence (-5).
   Slay:      It affects your accuracy & damage with ranged weapons and melee
   (+2).
   rPois:     It protects you from poison.
   rN:        It greatly protects you from negative energy.
   SInv:      It lets you see invisible.
 t - the ring "Qomail" (right tentacle) {rF+ rN+}
   (You found it on level 3 of the Dungeon)

   [ring of positive energy]

   rF:        It protects you from fire.
   rN:        It protects you from negative energy.
 u - a ring of positive energy
 y - a ring of see invisible (on tentacle)
 C - a +5 ring of evasion (on tentacle)
 K - a ring of flight (on tentacle)
 M - a ring of resist corrosion (on tentacle)
Wands
 F - a wand of flame (22)
 J - a wand of polymorph (10)
Scrolls
 a - 2 scrolls of fog
 h - a scroll of teleportation
 w - 3 scrolls of blinking
 D - a scroll of amnesia
 G - 4 scrolls of magic mapping
 P - a scroll of enchant armour
Potions
 g - 3 potions of resistance
 i - 14 potions of curing
 q - 7 potions of mutation
 x - 2 potions of brilliance
 z - 2 potions of magic
 A - a potion of cancellation
 B - 4 potions of might
 E - 2 potions of flight
Miscellaneous
 L - a piece from Xom's chessboard (15/15)


   Skills:
 + Level 10.0 Fighting
 + Level 1.7 Short Blades
 + Level 14.1 Staves
 + Level 1.4 Throwing
 + Level 5.2 Dodging
 + Level 4.4 Stealth
 + Level 4.1 Shields
 + Level 1.0 Unarmed Combat
 * Level 10.0 Spellcasting
 * Level 5.3 Conjurations
 - Level 5.5 Translocations
 - Level 4.7 Air Magic
 + Level 7.6 Evocations


You had 25 spell levels left.
You knew the following spells:

 Your Spells              Type           Power      Damage    Failure   Level
a - Vhi's Electric Charg  Tloc/Air       36%        N/A       4%          3
b - Arcjolt               Conj/Air       9%         1d19      38%         5

Your spell library contained the following spells:

 Spells                   Type           Power      Damage    Failure   Level
 Magic Dart               Conj           72%        1d6       1%          1
 Searing Ray              Conj           36%        2d5       1%          2
 Portal Projectile        Hex/Tloc       24%        N/A       12%         3
 Manifold Assault         Tloc           19%        N/A       12%         4
 Inner Flame              Hex/Fire       6%         N/A       34%         3
 Ozocubu's Armour         Ice            6%         N/A       34%         3
 Tukima's Dance           Hex            6%         N/A       34%         3
 Fulminant Prism          Conj/Hex       6%         3d6       36%         4
 Dispersal                Tloc           9%         N/A       88%         6
 Blade Hands              Tmut           3%         N/A       97%         5
 Borgnjor's Vile Clutch   Necr/Erth      3%         N/A       97%         5
 Yara's Violent Unravell  Hex/Tmut       3%         3d4       97%         5
 Death Channel            Necr           3%         N/A       100%        6
 Enfeeble                 Hex            3%         N/A       100%        7
 Ozocubu's Refrigeration  Ice            3%         4d8       100%        7
 Disjunction              Tloc           9%         N/A       100%        8
 Maxwell's Capacitive Co  Air            8%         ∞         100%        8
 Polar Vortex             Ice            3%         N/A       100%        9
 Animate Dead             Necr           Unusable   N/A       N/A         4
 Simulacrum               Ice/Necr       Unusable   N/A       N/A         6

Dungeon Overview and Level Annotations

Branches:
Dungeon (10/15)            Temple (1/1) D:6            Lair (5/5) D:9
 Shoals (0/4) Lair:2        Snake (0/4) Lair:2        Slime (0/5) Lair:4
    Orc (1/2) D:9           Sewer (visited)

Altars:
Ashenzari
Dithmenos
Gozag
Makhleb
Nemelex Xobeh
Okawaru
Ru
Sif Muna
Trog
Xom
Zin
The Shining One
Jiyva

Shops:
D:1 [   D:5 !   D:7 (   D:9 :=

Annotations:
D:1 1 exclusion
D:4 1 transporter, exclusion: sky beast, Peloso's ghost, amateur MiFi
D:6 2 runed translucent doors, Dowan; Duvessa
D:8 exclusion: downstairs
D:9 exclusion: downstairs
D:10 exclusion: skeletal warrior
Lair:2 3 runed translucent doors, exclusions: 3 doors and skyshark, Reubyar's ghost, journeyman MiBe
Lair:3 Fannar
Lair:4 exclusion: 2 downstairs
Lair:5 2 runed translucent doors, exclusions: catoblepas and 2 doors


Innate Abilities, Weirdness & Mutations

You cannot wear most types of armour.
You are amphibious.
You can wear up to eight rings at the same time.
Your skin changes colour to match your surroundings (Stealth+).
Your rubbery body absorbs attacks. (AC +1, EV +1)
((You are camouflaged when in or above water. (Stealth+)))
You have tentacles for arms and can constrict up to eight enemies at once.


Message History

The warg is severely wounded.
The warg bites you!
You hit the warg but do no damage.
The warg is severely wounded.
The orc hits you with a +0 short sword.
You sock the warg! You squeeze the warg.
You kill the warg!
You barely miss the orc. You grab the orc. You squeeze the orc.
The orc is heavily wounded.
You constrict the orc. The orc misses you.
You bludgeon the orc!!
You kill the orc!
The ogre hits you with a +0 giant club!!
You sock the ogre!
The ogre is moderately wounded.
You hit the ogre.
Your tentacle-slap misses the ogre.
The ogre is moderately wounded.
The ogre misses you.
You sock the ogre!
The ogre is severely wounded.
The ogre hits you with a +0 giant club!!
The ogre attacks as you move away! The ogre misses you.
There is a staircase back to the Dungeon, spattered with blood here.
The orc knight hits you with a +0 great sword!
* * * LOW HITPOINT WARNING * * *
You fly upwards.
Welcome back to the Dungeon!
Level annotation: exclusion: downstairs
There is a staircase to the Orcish Mines, spattered with blood here.
The orc knight completely misses you.
The orc knight hits you with a +0 great sword!
* * * LOW HITPOINT WARNING * * *
The orc knight attacks as you move away!
The orc knight hits you with a +0 great sword!
* * * LOW HITPOINT WARNING * * *
There is an open door, spattered with blood here.
Items here: )))) [.
The orc knight attacks as you move away!
The orc knight hits you with a +0 great sword!!
You die...
Your body crumbles into a pile of gold.

#..# #...##.
#..#############...##.
#.....................
#.....................
#.....................
#.....................
#.#######.............
#..)[[.)..............
#.###@###.......######
#.#8.o.8#####...#
#.#.....# #...#
#.#..>..# #...#
#.#...[.#####...######
#.#8...8#.............
#.#######.............
#..# ##..##########
#..# #..#


You could see an orc knight.

Vanquished Creatures
  An ettin (D:9)
  5 hydras
  A boulder beetle (Lair:5)
  2 two-headed ogres
  4 death yaks (D:9)
  An orc high priest (Orc:1)
  Sonja (Lair:3)
  A lindwurm (Lair:5)
  Pikel (D:6)
  An orc sorcerer (Orc:1)
  13 elephants
  A salamander (Lair:2)
  2 merfolk sirens (Lair:2)
  3 molten gargoyles (Lair:5)
  4 black mambas (Lair:5)
  5 cane toads
  Joseph (D:8)
  4 rime drakes
  5 komodo dragons
  2 merfolk (Lair:2)
  2 trolls
  3 polar bears
  Grinder (D:4)
  3 blink frogs (Lair:4)
  10 dream sheep
  4 slime creatures (D:9)
  A shadow (D:10)
  2 wraiths (D:10)
  29 yaks
  5 wyverns
  6 basilisks
  2 steam dragons
  2 wargs
  Menkaure (D:4)
  An acid dragon (D:8)
  5 hell hounds (Lair:5)
  10 water moccasins
  A black bear (D:5)
  10 orc warriors
  An ice beast (D:8)
  A sky beast (D:6)
  9 wolves
  6 ogres
  4 centaurs
  A phantom (D:6)
  6 kobold brigands
  8 bullfrogs
  6 gnoll sergeants
  5 scorpions (D:5)
  4 wights (D:8)
  10 killer bees
  2 howler monkeys
  9 lava snakes
  4 crimson imps (D:7)
  4 orc priests
  A jelly (D:4)
  4 gnoll boudas
  Crazy Yiuf (D:6)
  3 hounds
  3 iguanas (D:6)
  2 sleepcaps
  Jessica (D:2)
  Terence (D:3)
  11 orc wizards
  Robin (D:4)
  9 adders
  30 gnolls
  A shadow imp (D:7)
  A white imp (D:4)
  7 worms
  A dart slug (D:2)
  26 orcs
  6 endoplasms
  8 giant cockroaches
  20 goblins
  7 hobgoblins
  8 jackals (D:2)
  8 quokkas
  9 ball pythons
  5 bats
  4 frilled lizards
  18 kobolds
  5 rats
437 creatures vanquished.

Vanquished Creatures (collateral kills)
  2 komodo dragons (Lair:2)
  A bullfrog (Lair:2)
  A gnoll sergeant (D:9)
  A sleepcap (D:6)
5 creatures vanquished.

Vanquished Creatures (others)
  2 komodo dragons (Lair:2)
  2 ogres (D:9)
  A kobold (D:1)
5 creatures vanquished.

Grand Total: 447 creatures vanquished

Notes
Turn   | Place    | Note
-------+----------+-------------------------------------------
     0 | D:1      | H0rd4k the Octopode Artificer began the quest for the Orb.
     0 | D:1      | Reached XP level 1. HP: 13/13 MP: 1/1
   158 | D:1      | Found Tazxomiro's Antique Armour Emporium.
   201 | D:1      | Reached XP level 2. HP: 14/18 MP: 2/2
   915 | D:2      | Reached XP level 3. HP: 23/23 MP: 3/3
  1181 | D:2      | Noticed Jessica
  1182 | D:2      | Found the +7 staff of the Meek {protect, meekguard}
  1190 | D:2      | Killed Jessica
  1191 | D:2      | Reached skill level 5 in Evocations
  1191 | D:2      | Reached XP level 4. HP: 28/28 MP: 4/4
  1294 | D:2      | Found a faded altar of an unknown god.
  1689 | D:2      | Learned a level 3 spell: Vhi's Electric Charge
  1861 | D:3      | Noticed Terence
  1866 | D:3      | Killed Terence
  1867 | D:3      | Reached skill level 1 in Unarmed Combat
  1867 | D:3      | Reached XP level 5. HP: 29/33 MP: 5/5
  1880 | D:3      | Reached skill level 1 in Short Blades
  1880 | D:3      | Reached skill level 1 in Staves
  1975 | D:3      | Found an iron altar of Okawaru.
  2252 | D:3      | Identified the ring "Qomail" {rF+ rN+}
  2285 | D:3      | Reached skill level 1 in Spellcasting
  2554 | D:4      | Noticed a sky beast
  2589 | D:4      | Noticed Menkaure
  2590 | D:4      | Noticed Grinder
  2594 | D:4      | Killed Menkaure
  2595 | D:4      | Reached skill level 2 in Staves
  2595 | D:4      | Reached skill level 1 in Translocations
  2595 | D:4      | Reached skill level 1 in Air Magic
  2595 | D:4      | Reached XP level 6. HP: 16/39 MP: 8/8
  2601 | D:4      | Killed Grinder
  2602 | D:4      | Reached XP level 7. HP: 20/45 MP: 9/9
  2731 | D:4      | Reached skill level 3 in Staves
  3010 | D:4      | Found a transporter.
  3011 | D:4      | Noticed Peloso's ghost (amateur MiFi)
  3064 | D:4      | Noticed Robin
  3076 | D:4      | Killed Robin
  3346 | D:5      | Entered Level 5 of the Dungeon
  3431 | D:5      | Reached skill level 4 in Staves
  3452 | D:5      | Found a glowing drain.
  3469 | D:5      | Reached XP level 8. HP: 26/52 MP: 11/11
  3521 | Sewer    | Entered a sewer
  3836 | Sewer    | Reached skill level 5 in Staves
  4087 | D:5      | Found Jaahetuy's Distillery.
  4257 | D:5      | Reached skill level 1 in Shields
  4268 | D:5      | Reached skill level 6 in Staves
  4599 | D:6      | Noticed a yak
  4612 | D:6      | Killed a yak
  4613 | D:6      | Reached skill level 7 in Staves
  4613 | D:6      | Reached XP level 9. HP: 56/59 MP: 14/14
  4748 | D:6      | Noticed Duvessa
  4748 | D:6      | Noticed Dowan
  4755 | D:6      | Found a runed translucent door.
  4768 | D:6      | Found a runed translucent door.
  4983 | D:6      | Found a staircase to the Ecumenical Temple.
  5000 | Temple   | Entered the Ecumenical Temple
  5131 | Temple   | Became a worshipper of Gozag Ym Sagoz the Greedy
  5159 | D:6      | Identified the +1 long sword of Runkun {flame, rF+ Int-4
                  | Dex+2}
  5238 | D:6      | Noticed Pikel
  5273 | D:6      | Reached skill level 5 in Fighting
  5328 | D:6      | Reached skill level 8 in Staves
  5442 | D:6      | Identified the +4 hammer "Qioprueh" {speed, rPois SInv}
  5509 | D:6      | Killed Pikel
  5510 | D:6      | Reached XP level 10. HP: 68/68 MP: 17/17
  5762 | D:6      | Found a runed translucent door.
  5763 | D:6      | Noticed Crazy Yiuf
  5769 | D:6      | Killed Crazy Yiuf
  5836 | D:7      | Reached skill level 9 in Staves
  5903 | D:7      | Found a burning altar of Makhleb.
  6021 | D:7      | Found a shimmering altar of Xom.
  6220 | D:7      | Found a shadowy altar of Dithmenos.
  6243 | D:7      | Reached skill level 5 in Spellcasting
  6421 | D:7      | Found Qotubogy's Antique Weapon Boutique.
  7147 | D:8      | Noticed Joseph
  7155 | D:8      | Killed Joseph
  7398 | D:8      | Reached skill level 10 in Staves
  8441 | D:9      | Noticed a death yak
  8540 | D:9      | Noticed a death yak
  8543 | D:9      | Noticed a death yak
  8881 | D:9      | Reached XP level 11. HP: 65/74 MP: 19/19
  8914 | D:9      | Found a staircase to the Lair.
  9124 | D:9      | Found a bloodstained altar of Trog.
  9430 | D:9      | Found a staircase to the Orcish Mines.
  9718 | D:9      | Reached skill level 11 in Staves
  9779 | D:9      | Noticed a death yak
  9827 | D:9      | Killed a death yak
 10133 | D:10     | Entered Level 10 of the Dungeon
 10571 | D:10     | Noticed a two-headed ogre
 10580 | D:10     | Killed a two-headed ogre
 10742 | D:10     | Noticed a skeletal warrior
 11407 | Lair:1   | Entered Level 1 of the Lair of Beasts
 11413 | Lair:1   | Reached skill level 5 in Translocations
 11807 | Lair:1   | Reached XP level 12. HP: 82/82 MP: 23/23
 12062 | Lair:1   | Reached skill level 12 in Staves
 12291 | Lair:1   | You are sucked into a shaft and drop 1 floor!
 12351 | Lair:2   | Noticed Reubyar's ghost (journeyman MiBe)
 12618 | Lair:2   | Found a staircase to the Snake Pit.
 12853 | Lair:2   | Found a runed translucent gate.
 12854 | Lair:2   | Found a runed translucent gate.
 12855 | Lair:2   | Found a runed translucent gate.
 13020 | Lair:2   | Noticed a skyshark
 13082 | Lair:2   | Found a staircase to the Shoals.
 13851 | D:9      | Bought the ring of the Salmon {Will+ MP+9} for 456 gold
                  | pieces
 14437 | Lair:3   | Noticed Sonja
 14521 | Lair:3   | Noticed Fannar
 14571 | Lair:3   | Found an opulent altar of Gozag.
 14729 | Lair:3   | Learned a level 5 spell: Arcjolt
 14740 | Lair:3   | Killed Sonja
 15057 | Lair:3   | Reached skill level 1 in Conjurations
 15389 | Lair:4   | Reached XP level 13. HP: 57/90 MP: 25/25
 15556 | Lair:4   | Reached skill level 13 in Staves
 16233 | Lair:4   | Found a viscous altar of Jiyva.
 16233 | Lair:4   | Found a staircase to the Slime Pits.
 16536 | Lair:5   | Entered Level 5 of the Lair of Beasts
 17134 | D:9      | Bought the ring "Jeta" {rPois rN++ Int-5 Slay+2 SInv} for
                  | 484 gold pieces
 17980 | Lair:5   | Found the +4 skin of Zhor {*Englaciate rC+++ SInv}
 18366 | Lair:5   | Found a large runed translucent door.
 18366 | Lair:5   | Found a large runed translucent door.
 18367 | Lair:5   | Noticed a fire dragon
 18399 | Lair:5   | Reached skill level 14 in Staves
 18697 | D:9      | Bought a ring of see invisible for 210 gold pieces
 18725 | Orc:1    | Entered Level 1 of the Orcish Mines
 18726 | Orc:1    | Noticed an ettin
 18732 | Orc:1    | Reached skill level 1 in Throwing
 18732 | Orc:1    | Reached skill level 5 in Conjurations
 18732 | Orc:1    | Reached XP level 14. HP: 88/98 MP: 27/27
 18857 | D:9      | Reached skill level 5 in Dodging
 19002 | D:9      | Reached skill level 10 in Fighting
 19294 | Orc:1    | Reached skill level 10 in Spellcasting
 19345 | D:9      | Demolished by an orc knight

Illustrated notes

Levels and vault maps discovered:
D:1:      sevenhm_arrival_forest_fort_large_2, layout_loops_cross, serial_shops,
          nicolae_shop_hallway_plus, lemuel_flame_loot_1
D:2:      layout_rooms, shapermc_ecumenical_altar_mp_ritualfount,
          minmay_splitting_lines, minmay_nonomino_d4, uniq_jessica
D:3:      layout_loops_ring, general_overflow_altar, uniq_terence
D:4:      layout_loops_cross, gammafunk_ghost_smash, uniq_robin, uniq_grinder,
          uniq_menkaure
D:5:      layout_loops_cross, serial_shops, shop, portal_sewer_entry_f
D:6:      lemuel_insect_pit, layout_basic, minmay_temple_entry_arrows,
          uniq_pikel, uniq_duvessa, uniq_crazy_yiuf_cottage
D:7:      layout_basic, led_xom_imps, mainiacjoe_overflow_paths, serial_shops,
          nicolae_shop_window_shopping, minmay_ruined_shrine
D:8:      layout_basic, minmay_bent, uniq_joseph
D:9:      layout_long_grid, old_standard_altar, dpeg_lair_monsters,
          kennysheep_orc_monster_closet_entryway, st_stairs_10
D:10:     minmay_blocky_corners, layout_basic, grunt_ministairs_1, hex_medium
Temple:   mainiacjoe_temple_bowtie_tessellation
Lair:1:   layout_regular_city
Lair:2:   layout_gridlike, elwin_shoals_entry_stream,
          nicolae_snake_entry_warm_welcome, gammafunk_ghost_icy,
          beast_lair_carwin_1
Lair:3:   layout_regular_city, basic_altar, serial_bayou_shore_b, uniq_sonja,
          uniq_fannar
Lair:4:   layout_regular_city, dpeg_slime_entry_enclosed, grunt_megastairs_1
Lair:5:   cheibrodos_lair_end_hotspot, layout_cave_pods,
          hellmonk_guarded_unrand_zhor, serial_bayou_shore_b
Orc:1:    layout_caves, basic_altar, serial_shops, shop

Skill      XL: |  1  2  3  4  5  6  7  8  9 10 11 12 13 14 |
---------------+-------------------------------------------+-----
Evocations     | 4 5 6 7 |  7.6
Unarmed Combat | 1 |  1.0
Short Blades   | 1 |  1.7
Staves         | 2 4 7 8 10 11 12 14 | 14.1
Spellcasting   | 1 2 3 4 5 7 8 9 10 | 10.0
Fighting       | 2 3 4 5 6 7 8 9 10 | 10.0
Translocations | 1 2 3 5 |  5.5
Air Magic      | 1 2 3 4 |  4.7
Shields        | 1 2 3 4 |  4.1
Dodging        | 3 4 5 |  5.2
Stealth        | 2 4 |  4.4
Conjurations   | 2 5 |  5.3
Throwing       | 1 |  1.4

Action                     |  1- 3 |  4- 6 |  7- 9 | 10-12 | 13-15 || total
---------------------------+-------+-------+-------+-------+-------++-------
  Melee: Unarmed           |    28 |       |       |       |       ||    28
         Constrict         |    22 |    12 |    44 |    94 |    45 ||   217
         Tentacles         |    17 |     6 |    45 |   198 |   129 ||   395
         Dagger            |    66 |       |       |       |       ||    66
         Quarterstaff      |       |    51 |   216 |   744 |   367 ||  1378
         Punch             |       |       |     4 |    17 |    12 ||    33
  Throw: Dart              |       |       |       |     9 |    14 ||    23
   Cast: Vhi's Electric Ch |       |       |     1 |    67 |    46 ||   114
         Arcjolt           |       |       |       |       |     2 ||     2
 Invoke: Call Merchant     |       |       |       |     2 |       ||     2
  Evoke: Wand              |       |    11 |    14 |    24 |    16 ||    65
         Piece from Xom's  |       |       |       |     1 |     1 ||     2
    Use: Scroll            |       |       |       |    33 |     5 ||    38
         Potion            |       |       |       |     1 |     1 ||     2
   Stab: Sleeping          |     8 |     6 |     8 |     2 |       ||    24
         Distracted        |       |       |       |     5 |     3 ||     8
         Petrifying        |       |       |       |       |     1 ||     1
         Petrified         |       |       |       |       |     1 ||     1
 Armour: Skin              |     2 |    13 |    44 |    88 |    42 ||   189
  Dodge: Dodged            |    68 |    28 |    95 |   414 |   226 ||   831
  Block: Other             |       |     3 |    40 |    86 |       ||   129
         Reflection        |       |       |     3 |     6 |       ||     9
